 Dungeon Crawl Stone Soup version 0.28-a0-1199-gef9e1dbd39 (webtiles) character file.

Game seed: 16477079708896541546

44 bande the Covered (level 3, 0/23 HPs)
             Began as a Gargoyle Fighter on Dec 19, 2021.
             Slain by an adder (4 damage)
             ... on level 1 of the Dungeon.
             The game lasted 00:01:36 (1993 turns).

bande the Covered (Gargoyle Fighter)                Turns: 1993, Time: 00:01:37

Health: 0/23       AC: 10    Str: 19    XL:     3   Next: 60%
Magic:  3/3        EV:  7    Int:  8    God:
Gold:   38         SH:  8    Dex: 11    Spells: 2/2 levels left

rFire   . . .      SeeInvis .   a - +0 war axe
rCold   . . .      Faith    .   e - +0 kite shield
rNeg    + . .      Spirit   .   b - +0 scale mail
rPois   ∞          Reflect  .   (no helmet)
rElec   +          Harm     .   (no cloak)
rCorr   .          Rampage  .   (no gloves)
Will    .....                   (no boots)
Stlth   ..........              (no amulet)
HPRegen 0.07/turn               (no ring)
MPRegen 0.08/turn               (no ring)

@: no status effects
A: sickness immunity, AC +3, negative energy resistance 1, electricity
resistance, torment resistance 1, petrification resistance
a: no special abilities


You were on level 1 of the Dungeon.
You visited 1 branch of the dungeon, and saw 2 of its levels.

You collected 38 gold pieces.

Inventory:

Hand Weapons
 a - a +0 war axe (weapon)
Armour
 b - a +0 scale mail (worn)
 e - a +0 kite shield (worn)
Potions
 d - a potion of might
 f - a potion of curing {unknown}


   Skills:
 + Level 3.4 Fighting
 + Level 2.3 Axes
 + Level 3.9 Armour
 - Level 0.3 Stealth
 + Level 3.7 Shields


You had 2 spell levels left.
You didn't know any spells.
Your spell library was empty.

Dungeon Overview and Level Annotations

Branches:
Dungeon (2/15)

Altars:


Innate Abilities, Weirdness & Mutations

You are immune to sickness and miasma.
Your stone body is resilient. (AC +3)
You are immune to poison.
You resist negative energy. (rN+)
You are resistant to electric shocks. (rElec)
You are resistant to unholy torment.
You are immune to petrification.


Message History

You block the adder's attack. The adder bites you.
The adder bites you but does no damage. The adder bites you.
The adder barely misses you. The adder bites you but does no damage.
You miss the adder. You barely miss the adder. The adder completely misses you.
You block the adder's attack. The adder bites you but does no damage.
The adder barely misses you.
You barely miss the adder. You closely miss the adder.
You block the adder's attack. x2; The adder misses you.
The adder bites you but does no damage.
You slash the adder!
The adder is severely wounded.
You barely miss the adder.
The adder bites you but does no damage. x3
The adder closely misses you.
You closely miss the adder.
The adder is severely wounded.
You hit the adder. The adder bites you but does no damage.
You block the adder's attack. The adder bites you.
The adder bites you but does no damage.
You closely miss the adder.
The adder is severely wounded.
You miss the adder. You block the adder's attack.
The adder bites you but does no damage. You block the adder's attack. x2
Unknown command.
You miss the adder.
The adder is severely wounded.
You slash the adder!
You kill the adder!
You block the adder's attack. The adder bites you.
* * * LOW HITPOINT WARNING * * *
You completely miss the adder.
The adder is severely wounded.
The adder bites you but does no damage. You block the adder's attack.
You closely miss the adder.
The adder is severely wounded.
The adder bites you but does no damage. The adder bites you.
* * * LOW HITPOINT WARNING * * *
You closely miss the adder.
The adder is severely wounded.
The adder completely misses you. The adder bites you.
You die...

#+#'####.#.# #......
......##.#.# #......
......##.#.# #......
......##.#.###########
#......
......##.............#
#......
#'#+####.............#
#######
#....................#
#.#+#####.......S†...#
#...............@....#
#.........###+########
#.............#
......###..#..###############
......# #.....##............#
### ......#
##....##............# #..
......# ##..##.............#
#.. ......##
#..##.............###..
##..[..#
#..##.............'.'..


You could see an adder.

Vanquished Creatures
  An adder (D:1)
  3 dart slugs (D:1)
  An endoplasm (D:1)
  3 giant cockroaches (D:1)
  A goblin (D:1)
  4 hobgoblins
  4 ball pythons (D:1)
  3 bats (D:1)
  4 frilled lizards (D:1)
  3 kobolds (D:1)
  2 rats (D:1)
29 creatures vanquished.

Notes
Turn   | Place    | Note
-------+----------+-------------------------------------------
     0 | D:1      | bande the Gargoyle Fighter began the quest for the Orb.
     0 | D:1      | Reached XP level 1. HP: 14/14 MP: 1/1
   157 | D:1      | Found a faded altar of an unknown god.
   183 | D:1      | Reached XP level 2. HP: 19/19 MP: 2/2
  1150 | D:1      | Reached XP level 3. HP: 23/23 MP: 3/3
  1993 | D:1      | Slain by an adder

Illustrated notes

Levels and vault maps discovered:
D:1:      lightli_iron_boxes, layout_basic,
          hellmonk_ecumenical_altar_crossroads, lemuel_another_geyser
D:2:      cheibrodos_old_hovel, layout_rooms

Skill      XL: |  1  2 |
---------------+-------+-----
Axes           | 2 |  2.3
Fighting       | |  3.4
Armour         | |  3.9
Stealth        | |  0.3
Shields        | |  3.7

Action                   || total
-------------------------++-------
Melee: War axe           ||   102
  Use: Scroll            ||     2
Armor: Scale mail        ||    80
Dodge: Dodged            ||    60
Block: Buckler           ||    18
       Kite shield       ||    17

Table legend: (Time is in decaauts)
 A = Elapsed time spent in this place.
 B = Non-inter-level travel time spent in this place.
 C = Inter-level travel time spent in this place.
 D = Time resting spent in this place.
 E = Time spent auto-exploring this place.
 F = Levels seen in this place.
 G = Mean time per level.
                   A        B        C        D        E       F      G
               +--------+--------+--------+--------+--------+-----+--------+
         Total |   2039 |   1991 |     48 |    435 |   1282 |   2 | 1019.5 |
       Dungeon |   2039 |   1991 |     48 |    435 |   1282 |   2 | 1019.5 |
               +--------+--------+--------+--------+--------+-----+--------+

Top non-repeatable levels by time:
     D:1: 2031 daAuts
     D:2: 7 daAuts
